 Dungeon Crawl Stone Soup version 0.23.2-40-g277498a001 (webtiles) character file.

Game seed: 4659379996265633935

900 Doot the Sneak (level 7, -2/33 HPs)
             Began as a Spriggan Enchanter on Oct 8, 2019.
             Killed from afar by an orc wizard (6 damage)
             ... with a magic dart
             ... on level 5 of the Dungeon.
             The game lasted 00:18:55 (5813 turns).

Doot the Sneak (Spriggan Enchanter)                 Turns: 5813, Time: 00:18:56

Health: -2/33      AC:  2    Str:  4    XL:     7   Next: 79%
Magic:  6/16       EV: 20    Int: 17    God:
Gold:   268        SH:  0    Dex: 18    Spells: 7/16 levels left

rFire    . . .     SeeInvis +   a - +1 dagger
rCold    . . .     Gourm    .   (shield restricted)
rNeg     . . .     Faith    .   b - +0 robe
rPois    +         Spirit   .   (helmet restricted)
rElec    .         Reflect  .   (no cloak)
rCorr    .         Harm     .   (gloves unavailable)
MR       +....                  (boots unavailable)
Stlth    ++++......             m - amulet of the acrobat
HPRegen  0.11/turn              h - ring of poison resistance
MPRegen  0.15/turn              (no ring)

@: very slightly contaminated, invisible, very quick
A: very small, unfitting armour, see invisible, herbivore, speed 3, slow
metabolism 2
a: no special abilities


You were on level 5 of the Dungeon.
You were hungry.

You visited 2 branches of the dungeon, and saw 6 of its levels.

You collected 268 gold pieces.

Inventory:

Hand Weapons
 a - a +1 dagger (weapon)
Armour
 b - a +0 robe (worn)
 q - +0 shadow dragon scales
Jewellery
 c - an uncursed amulet of regeneration
 h - a ring of poison resistance (left hand)
 m - an amulet of the acrobat (around neck)
Scrolls
 e - 2 scrolls of remove curse {unknown}
 f - 2 scrolls of fog
 g - 2 scrolls of amnesia {unknown}
 j - 2 scrolls of blinking
 k - 2 scrolls of enchant armour {unknown}
 l - 3 scrolls of teleportation {unknown}
 t - a scroll of enchant weapon {unknown}
Potions
 i - a potion of agility
 n - a potion of heal wounds {unknown}
 o - a potion of resistance {unknown}
 p - a potion of invisibility
 r - a potion of mutation {unknown}
 s - a potion of lignification {unknown}
Comestibles
 d - 3 rations


   Skills:
 + Level 1.5 Fighting
 + Level 4.2 Short Blades
 + Level 4.9 Dodging
 + Level 7.7 Stealth
 + Level 5.4 Spellcasting
 + Level 5.7 Hexes
 + Level 1.5 Ice Magic


You had 7 spell levels left.
You knew the following spells:

 Your Spells              Type           Power        Failure   Level  Hunger
a - Corona                Hex            ###....      1%          1    None
b - Ensorcelled Hibernat  Hex/Ice        ###...       4%          2    #......
c - Confuse               Hex            ###.....     3%          3    ##.....
d - Tukima's Dance        Hex            ###.....     3%          3    ##.....

Your spell library contained the following spells:

 Spells                   Type           Power        Failure   Level  Hunger
 Dazzling Spray           Conj/Hex       ##....       13%         3    ##.....


Dungeon Overview and Level Annotations

Branches:
Dungeon (5/15)             Temple (1/1) D:4

Altars:
Ashenzari
Cheibriados
Dithmenos
Elyvilon
Fedhas
Gozag
Hepliaklqana
Makhleb
Nemelex Xobeh
Qazlal
Ru
Trog
Uskayaw
Vehumet
Wu Jian
Xom
Zin


Innate Abilities, Weirdness & Mutations

You are very small and have problems with some larger weapons.
You are too small for most types of armour.
You have supernaturally acute eyesight. (SInv)
You are a herbivore.
You cover ground extremely quickly.
You need to consume almost no food.


Message History

You kill the orc!
The orc wizard hits you with a +0 dagger.
The orc wizard casts a spell.
The orc wizard blinks!
The orc wizard hits you with a +0 dagger.
* * * LOW HITPOINT WARNING * * *
You fade into invisibility!
You are very lightly contaminated with residual magic.
The orc wizard stops glowing.
You hit the orc wizard but do no damage.
The orc wizard stops glowing.
The orc wizard points at you and mumbles some strange words.
The magic dart hits you.
* * * LOW HITPOINT WARNING * * *
The orc wizard completely misses you.
As you read the scroll labeled LUISYU YBLINN, it crumbles to dust.
The scroll dissolves into smoke.
It was a scroll of fog.
The orc wizard points at you and mumbles some strange words.
The magic dart hits you.
You die...

....###......#
.....#......##
......o.....# #######
............#####.....#
............##........#
............o........##
...........##.§......#
...........##.§oo§..##
.....o..o..##..§@§..#
.(.........###§§§§.##
...........# #...§##
.....§....## ##...#
....o.....# ##### #
..........# #
.o>.......# ##
..........# ##.
..........# #..


You could see an orc wizard and an orc (wandering).

Vanquished Creatures
  Duvessa (D:4)
  A sky beast (D:5)
  3 centaurs
  A scorpion (D:5)
  Dowan (D:4)
  A howler monkey (D:5)
  A hound (D:4)
  A centaur skeleton (D:5)
  A worker ant (D:5)
  A hound skeleton (D:4)
  2 gnolls
  14 adders
  An adder skeleton (D:4)
  3 worms
  A dart slug (D:1)
  2 leopard geckos
  4 orcs
  3 giant cockroaches
  13 hobgoblins
  3 jackals (D:5)
  A quokka (D:3)
  3 ball pythons
  A ball python skeleton (D:3)
  4 bats
  2 frilled lizards
  8 goblins
  6 kobolds
  10 rats
93 creatures vanquished.

Vanquished Creatures (others)
  An orc priest (D:3)
  2 orcs (D:3)
3 creatures vanquished.

Grand Total: 96 creatures vanquished

Notes
Turn   | Place    | Note
-------+----------+-------------------------------------------
     0 | D:1      | Doot the Spriggan Enchanter began the quest for the Orb.
     0 | D:1      | Reached XP level 1. HP: 9/9 MP: 5/5
   199 | D:1      | Reached XP level 2. HP: 13/13 MP: 4/6
   251 | D:1      | Learned a level 2 spell: Ensorcelled Hibernation
   324 | D:1      | Reached skill level 5 in Stealth
   850 | D:2      | Reached XP level 3. HP: 16/16 MP: 5/8
  1116 | D:2      | Reached XP level 4. HP: 7/21 MP: 7/10
  1222 | D:2      | Reached skill level 6 in Stealth
  2179 | D:3      | Found an opulent altar of Gozag.
  2415 | D:3      | Found a sparkling altar of Nemelex Xobeh.
  2416 | D:3      | Found a radiant altar of Vehumet.
  2416 | D:3      | Found a shattered altar of Ashenzari.
  2483 | D:3      | Reached XP level 5. HP: 25/25 MP: 8/11
  2484 | D:3      | You fall through a shaft for 2 floors!
  2484 | D:5      | Entered Level 5 of the Dungeon
  2584 | D:5      | Noticed a sky beast
  2590 | D:5      | Killed a sky beast
  2590 | D:5      | Reached XP level 6. HP: 29/29 MP: 8/13
  2778 | D:4      | Found a staircase to the Ecumenical Temple.
  2785 | Temple   | Entered the Ecumenical Temple
  3394 | D:3      | Reached skill level 1 in Fighting
  3614 | D:3      | Reached skill level 7 in Stealth
  3614 | D:3      | Reached skill level 5 in Hexes
  3725 | D:3      | Learned a level 3 spell: Confuse
  3729 | D:3      | Learned a level 3 spell: Tukima's Dance
  3759 | D:4      | Found a white marble altar of Elyvilon.
  3809 | D:4      | Noticed Dowan
  3810 | D:4      | Noticed Duvessa
  4189 | D:4      | Killed Dowan
  4450 | D:4      | Found a burning altar of Makhleb.
  4487 | D:4      | Reached skill level 1 in Ice Magic
  4689 | D:4      | Reached XP level 7. HP: 27/33 MP: 14/14
  5426 | D:4      | Killed Duvessa
  5503 | D:5      | Reached skill level 5 in Spellcasting
  5813 | D:5      | Killed from afar by an orc wizard

Skill      XL: |  1  2  3  4  5  6  7 |
---------------+----------------------+-----
Hexes          | 4 5 |  5.7
Spellcasting   | 3 4 5 |  5.4
Stealth        | 5 6 7 |  7.7
Short Blades   | 2 3 4 |  4.2
Fighting       | 1 |  1.5
Dodging        | 4 |  4.9
Ice Magic      | 1 |  1.5

Action                   |  1- 3 |  4- 6 |  7- 9 || total
-------------------------+-------+-------+-------++-------
Melee: Dagger            |    88 |   223 |    64 ||   375
 Cast: Corona            |    14 |    21 |     3 ||    38
       Ensorcelled Hiber |     4 |    25 |    20 ||    49
       Confuse           |       |     2 |     4 ||     6
  Use: Scroll            |       |     3 |     2 ||     5
       Potion            |       |       |     1 ||     1
 Stab: Sleeping          |    15 |    23 |     9 ||    47
       Distracted        |       |     1 |       ||     1
       Confused          |       |     1 |       ||     1
  Eat: Ration            |       |     1 |     1 ||     2
Armor: Robe              |     4 |    10 |     1 ||    15
Dodge: Dodged            |    55 |   201 |    53 ||   309
